3079 views
Uploaded 2020-03-14 21:22:28
Game version 1.32.2
43:04 long 4on4 ladder game on (8)NerubianPassage
Saved by BEARAND
3079 views
Uploaded 2020-03-14 21:22:28
Game version 1.32.2
43:04 long 4on4 ladder game on (8)NerubianPassage


139 units @ 15.2k
/ 1.8k
217 buildings @ 18k
/ 8.2k


| Rod of Necromancy | 1 | 150 |
| Potion of Healing | 1 | 150 |
| Orb of Corruption | 2 | 750 |
| Staff of Teleportation | 2 | 300 |
| Staff of Sanctuary | 2 | 500 |
| total: | 8 | 1850g |
| Acolyte | 9 | 675 | / | 0 |
| Ghoul | 16 | 1920 | / | 0 |
| Obsidian Statue | 2 | 400 | / | 70 |
| total: | 27 | 2995g | / | 70w |
| Altar of Darkness | 2 | 360 | / | 100 |
| Ziggurat | 7 | 1050 | / | 350 |
| Crypt | 1 | 200 | / | 50 |
| Tomb of Relics | 6 | 780 | / | 180 |
| Graveyard | 1 | 215 | / | 0 |
| Necropolis | 2 | 450 | / | 0 |
| Slaughterhouse | 2 | 280 | / | 270 |
| Sacrificial Pit | 1 | 75 | / | 150 |
| Halls of the Dead | 1 | 320 | / | 210 |
| Black Citadel | 1 | 325 | / | 230 |
| total: | 22 | 3410g | / | 1100w |
| 0:00 | Acolyte |
| 0:09 | Altar of Darkness |
| 0:12 | Ziggurat |
| 0:13 | Acolyte |
| 0:23 | Crypt |
| 0:52 | Tomb of Relics |
| 0:56 | Tomb of Relics |
| 0:58 | Tomb of Relics |
| 1:00 | Tomb of Relics |
| 1:24 | Ghoul |
| 1:32 | Ziggurat |
| 1:38 | Ghoul |
| 1:49 | Ghoul |
| 2:08 | Death Coil |
| 2:09 | Rod of Necromancy |
| 2:28 | Ghoul |
| 2:51 | Ghoul |
| 3:34 | Ghoul |
| 4:43 | Ghoul |
| 4:43 | Ghoul |
| 4:47 | Halls of the Dead |
| 4:55 | Unholy Aura |
| 5:07 | Ghoul |
| 5:39 | Ziggurat |
| 6:29 | Ziggurat |
| 6:57 | Ghoul |
| 6:57 | Ghoul |
| 7:14 | Staff of Teleportation |
| 7:27 | Black Citadel |
| 7:53 | Death Coil |
| 7:56 | Ghoul |
| 7:57 | Ghoul |
| 8:08 | Frost Nova |
| 8:13 | Ghoul |
| 8:50 | Ghoul |
| 9:01 | Ghoul |
| 9:52 | Acolyte |
| 9:56 | Acolyte |
| 9:57 | Acolyte |
| 10:14 | Graveyard |
| 10:35 | Acolyte |
| 10:36 | Acolyte |
| 10:49 | Frost Armor |
| 11:26 | Potion of Healing |
| 11:53 | Unholy Aura |
| 11:56 | Acolyte |
| 12:04 | Tomb of Relics |
| 12:07 | Tomb of Relics |
| 12:22 | Slaughterhouse |
| 12:23 | Slaughterhouse |
| 13:15 | Orb of Corruption |
| 13:18 | Orb of Corruption |
| 13:34 | Obsidian Statue |
| 13:57 | Frost Nova |
| 15:51 | Staff of Teleportation |
| 15:55 | Sacrificial Pit |
| 16:28 | Acolyte |
| 18:20 | Obsidian Statue |
| 19:06 | Necropolis |
| 20:23 | Necropolis |
| 21:56 | Ziggurat |
| 21:56 | Ziggurat |
| 21:58 | Altar of Darkness |
| 23:42 | Frost Armor |
| 25:47 | Staff of Sanctuary |
| 26:36 | Death Coil |
| 28:16 | Ziggurat |
| 36:18 | Staff of Sanctuary |
| 40:07 | Frost Nova |
| 41:19 | Unholy Aura |
| Right click | 3419 |
| Select | 1356 |
| Select group | 624 |
| Assign group | 405 |
| Use ability | 114 |
| Build/train/purchase | 69 |
| Resource trade | 61 |
| Minimap ping | 26 |
| Misc. action | 19 |
| Item give/drop | 2 |


| Healing Salve | 6 | 600 |
| Lesser Clarity Potion | 5 | 350 |
| Orb of Lightning | 1 | 375 |
| Tiny Great Hall | 1 | 600 |
| Boots of Speed | 2 | 500 |
| Staff of Teleportation | 2 | 300 |
| total: | 17 | 2725g |
| Peon | 18 | 1350 | / | 0 |
| Troll Batrider | 38 | 6080 | / | 1520 |
| total: | 56 | 7430g | / | 1520w |
| Watch Tower | 21 | 2310 | / | 1680 |
| Altar of Storms | 2 | 360 | / | 100 |
| Orc Burrow | 5 | 800 | / | 200 |
| War Mill | 1 | 205 | / | 0 |
| Voodoo Lounge | 2 | 260 | / | 60 |
| Beastiary | 3 | 435 | / | 420 |
| Stronghold | 1 | 315 | / | 190 |
| Fortress | 1 | 325 | / | 190 |
| total: | 34 | 4370g | / | 2460w |
| 0:01 | Peon |
| 0:03 | Altar of Storms |
| 0:09 | Peon |
| 0:14 | Peon |
| 0:18 | Orc Burrow |
| 0:22 | Peon |
| 0:49 | War Mill |
| 0:55 | Peon |
| 1:06 | Voodoo Lounge |
| 1:15 | Peon |
| 1:24 | Peon |
| 1:30 | Peon |
| 1:46 | Peon |
| 1:51 | Peon |
| 2:05 | Watch Tower |
| 2:06 | Wind Walk |
| 2:11 | Healing Salve |
| 2:12 | Healing Salve |
| 2:12 | Lesser Clarity Potion |
| 2:12 | Lesser Clarity Potion |
| 2:22 | Watch Tower |
| 2:54 | Stronghold |
| 3:19 | Watch Tower |
| 3:29 | Orc Burrow |
| 4:26 | Watch Tower |
| 5:03 | Orc Burrow |
| 5:24 | Peon |
| 5:24 | Peon |
| 5:33 | Boots of Speed |
| 5:33 | Staff of Teleportation |
| 6:01 | Watch Tower |
| 6:16 | Fortress |
| 7:08 | Hex |
| 7:20 | Beastiary |
| 7:29 | Beastiary |
| 7:33 | Watch Tower |
| 7:40 | Beastiary |
| 9:07 | Troll Batrider |
| 9:10 | Orc Burrow |
| 9:12 | Watch Tower |
| 9:17 | Peon |
| 9:25 | Liquid Fire |
| 9:30 | Troll Batrider |
| 9:36 | Orc Burrow |
| 10:00 | Troll Batrider |
| 10:12 | Troll Batrider |
| 10:36 | Troll Batrider |
| 10:51 | Voodoo Lounge |
| 11:01 | Critical Strike |
| 11:53 | Troll Batrider |
| 12:06 | Troll Batrider |
| 12:12 | Boots of Speed |
| 12:14 | Staff of Teleportation |
| 12:29 | Troll Batrider |
| 12:45 | Troll Batrider |
| 13:11 | Troll Batrider |
| 13:44 | Troll Batrider |
| 14:07 | Troll Batrider |
| 14:38 | Troll Batrider |
| 14:50 | Troll Batrider |
| 15:15 | Troll Batrider |
| 15:26 | Troll Batrider |
| 15:36 | Troll Batrider |
| 16:06 | Healing Salve |
| 16:46 | Troll Batrider |
| 16:55 | Healing Wave |
| 17:19 | Wind Walk |
| 17:32 | Troll Batrider |
| 17:32 | Troll Batrider |
| 18:13 | Troll Batrider |
| 18:22 | Troll Batrider |
| 19:01 | Troll Batrider |
| 19:24 | Lesser Clarity Potion |
| 19:28 | Watch Tower |
| 19:31 | Watch Tower |
| 19:33 | Watch Tower |
| 19:35 | Spiked Barricades |
| 19:38 | Watch Tower |
| 20:01 | Watch Tower |
| 20:09 | Troll Batrider |
| 20:24 | Steel Ranged Weapons |
| 20:43 | Watch Tower |
| 20:50 | Watch Tower |
| 21:57 | Watch Tower |
| 21:58 | Healing Salve |
| 22:00 | Troll Batrider |
| 22:07 | Troll Batrider |
| 23:15 | Lesser Clarity Potion |
| 23:17 | Orb of Lightning |
| 23:39 | Watch Tower |
| 23:40 | Watch Tower |
| 23:46 | Troll Batrider |
| 23:50 | Watch Tower |
| 24:05 | Watch Tower |
| 24:17 | Troll Batrider |
| 24:31 | Critical Strike |
| 24:36 | Troll Batrider |
| 24:56 | Watch Tower |
| 25:09 | Healing Salve |
| 25:14 | Healing Salve |
| 25:40 | Troll Batrider |
| 25:58 | Hex |
| 28:43 | Lesser Clarity Potion |
| 31:12 | Troll Batrider |
| 31:12 | Troll Batrider |
| 33:25 | Troll Batrider |
| 35:16 | Tiny Great Hall |
| 36:04 | Wind Walk |
| 36:37 | Peon |
| 37:07 | Peon |
| 37:46 | Reinforced Defenses |
| 37:50 | Peon |
| 38:16 | Peon |
| 39:03 | Troll Batrider |
| 39:21 | Troll Batrider |
| 39:43 | Troll Batrider |
| 39:48 | Watch Tower |
| 40:18 | Troll Batrider |
| 40:38 | Troll Batrider |
| 41:05 | Peon |
| 41:06 | Altar of Storms |
| Right click | 3268 |
| Assign group | 803 |
| Select group | 773 |
| Select | 434 |
| Build/train/purchase | 200 |
| Use ability | 135 |
| Chat | 93 |
| Resource trade | 17 |
| Misc. action | 4 |
| Item give/drop | 4 |
| Remove unit | 2 |
| Minimap ping | 1 |



| Potion of Healing | 2 | 300 |
| Lesser Clarity Potion | 3 | 210 |
| Potion of Mana | 2 | 400 |
| Staff of Sanctuary | 4 | 1000 |
| Boots of Speed | 3 | 750 |
| Staff of Teleportation | 2 | 300 |
| Healing Salve | 2 | 200 |
| Orb of Lightning | 1 | 375 |
| total: | 19 | 3535g |
| Peasant | 21 | 1575 | / | 0 |
| Dragonhawk Rider | 8 | 1600 | / | 240 |
| total: | 29 | 3175g | / | 240w |
| Scout Tower | 122 | 3660 | / | 2440 |
| Arcane Tower | 4 | 280 | / | 200 |
| Guard Tower | 106 | 7420 | / | 5300 |
| Altar of Kings | 1 | 180 | / | 50 |
| Farm | 6 | 480 | / | 120 |
| Lumber Mill | 4 | 480 | / | 0 |
| Arcane Vault | 1 | 130 | / | 30 |
| Blacksmith | 1 | 140 | / | 60 |
| Barracks | 1 | 160 | / | 60 |
| Gryphon Aviary | 1 | 140 | / | 150 |
| Arcane Sanctum | 1 | 150 | / | 140 |
| Keep | 1 | 320 | / | 210 |
| Castle | 1 | 360 | / | 210 |
| total: | 138 | 5520g | / | 3050w |
| 0:01 | Peasant |
| 0:02 | Peasant |
| 0:07 | Altar of Kings |
| 0:18 | Farm |
| 0:26 | Peasant |
| 0:35 | Peasant |
| 0:40 | Lumber Mill |
| 0:43 | Scout Tower |
| 0:44 | Peasant |
| 0:56 | Peasant |
| 1:03 | Peasant |
| 1:05 | Peasant |
| 1:14 | Scout Tower |
| 1:15 | Peasant |
| 1:34 | Farm |
| 1:35 | Arcane Tower |
| 1:38 | Scout Tower |
| 1:39 | Scout Tower |
| 1:42 | Peasant |
| 1:47 | Scout Tower |
| 1:50 | Peasant |
| 2:00 | Guard Tower |
| 2:07 | Blizzard |
| 2:13 | Peasant |
| 2:14 | Peasant |
| 2:22 | Scout Tower |
| 2:23 | Scout Tower |
| 2:24 | Arcane Tower |
| 2:42 | Guard Tower |
| 2:43 | Scout Tower |
| 2:50 | Guard Tower |
| 3:03 | Scout Tower |
| 3:22 | Scout Tower |
| 3:27 | Guard Tower |
| 3:29 | Scout Tower |
| 3:30 | Scout Tower |
| 3:30 | Improved Masonry |
| 3:32 | Peasant |
| 3:36 | Guard Tower |
| 3:46 | Scout Tower |
| 3:55 | Scout Tower |
| 3:55 | Scout Tower |
| 3:56 | Keep |
| 4:03 | Guard Tower |
| 4:05 | Guard Tower |
| 4:26 | Guard Tower |
| 4:46 | Scout Tower |
| 4:49 | Guard Tower |
| 4:50 | Scout Tower |
| 4:51 | Scout Tower |
| 4:51 | Scout Tower |
| 4:52 | Scout Tower |
| 4:52 | Scout Tower |
| 4:54 | Guard Tower |
| 4:55 | Guard Tower |
| 4:56 | Scout Tower |
| 4:56 | Scout Tower |
| 4:57 | Scout Tower |
| 5:34 | Guard Tower |
| 5:34 | Guard Tower |
| 5:38 | Guard Tower |
| 5:46 | Guard Tower |
| 5:46 | Guard Tower |
| 5:48 | Guard Tower |
| 5:57 | Lumber Mill |
| 6:10 | Lumber Mill |
| 6:33 | Healing Salve |
| 6:34 | Potion of Healing |
| 6:44 | Peasant |
| 6:45 | Peasant |
| 6:45 | Peasant |
| 6:45 | Peasant |
| 6:45 | Peasant |
| 6:45 | Peasant |
| 6:45 | Peasant |
| 7:01 | Scout Tower |
| 7:02 | Scout Tower |
| 7:11 | Scout Tower |
| 7:23 | Advanced Masonry |
| 7:27 | Farm |
| 7:28 | Farm |
| 7:30 | Guard Tower |
| 7:38 | Scout Tower |
| 7:38 | Scout Tower |
| 7:38 | Guard Tower |
| 7:56 | Guard Tower |
| 7:56 | Scout Tower |
| 7:57 | Scout Tower |
| 8:01 | Scout Tower |
| 8:02 | Scout Tower |
| 8:06 | Guard Tower |
| 8:19 | Brilliance Aura |
| 8:37 | Guard Tower |
| 8:40 | Guard Tower |
| 8:43 | Scout Tower |
| 8:47 | Guard Tower |
| 8:48 | Scout Tower |
| 8:48 | Scout Tower |
| 8:49 | Scout Tower |
| 8:49 | Scout Tower |
| 8:49 | Scout Tower |
| 8:49 | Scout Tower |
| 8:50 | Scout Tower |
| 8:50 | Scout Tower |
| 8:55 | Guard Tower |
| 9:01 | Guard Tower |
| 9:02 | Scout Tower |
| 9:03 | Storm Bolt |
| 9:12 | Scout Tower |
| 9:12 | Scout Tower |
| 9:13 | Scout Tower |
| 9:17 | Guard Tower |
| 9:28 | Guard Tower |
| 9:49 | Guard Tower |
| 10:27 | Scout Tower |
| 10:31 | Scout Tower |
| 10:31 | Scout Tower |
| 10:49 | Lesser Clarity Potion |
| 10:56 | Guard Tower |
| 11:21 | Scout Tower |
| 11:22 | Scout Tower |
| 11:22 | Guard Tower |
| 11:22 | Guard Tower |
| 11:23 | Scout Tower |
| 11:23 | Scout Tower |
| 11:24 | Scout Tower |
| 11:24 | Scout Tower |
| 11:24 | Scout Tower |
| 11:25 | Scout Tower |
| 11:25 | Scout Tower |
| 11:30 | Scout Tower |
| 11:31 | Scout Tower |
| 11:31 | Scout Tower |
| 11:31 | Scout Tower |
| 11:54 | Arcane Vault |
| 12:04 | Guard Tower |
| 12:06 | Scout Tower |
| 12:07 | Scout Tower |
| 12:07 | Scout Tower |
| 12:07 | Scout Tower |
| 12:15 | Guard Tower |
| 12:16 | Guard Tower |
| 12:18 | Scout Tower |
| 12:19 | Scout Tower |
| 12:25 | Guard Tower |
| 12:28 | Guard Tower |
| 12:30 | Scout Tower |
| 12:31 | Scout Tower |
| 12:31 | Scout Tower |
| 12:32 | Castle |
| 12:35 | Guard Tower |
| 12:39 | Scout Tower |
| 12:39 | Scout Tower |
| 12:40 | Guard Tower |
| 12:40 | Guard Tower |
| 12:43 | Scout Tower |
| 12:50 | Guard Tower |
| 12:51 | Guard Tower |
| 13:07 | Guard Tower |
| 13:10 | Lumber Mill |
| 13:29 | Guard Tower |
| 13:55 | Guard Tower |
| 13:56 | Scout Tower |
| 13:56 | Scout Tower |
| 14:10 | Scout Tower |
| 14:11 | Scout Tower |
| 14:12 | Scout Tower |
| 14:25 | Lesser Clarity Potion |
| 14:25 | Potion of Mana |
| 14:27 | Potion of Healing |
| 14:32 | Guard Tower |
| 14:42 | Lesser Clarity Potion |
| 14:42 | Potion of Mana |
| 14:45 | Guard Tower |
| 15:00 | Imbued Masonry |
| 15:16 | Staff of Sanctuary |
| 15:32 | Guard Tower |
| 15:41 | Guard Tower |
| 15:42 | Scout Tower |
| 15:43 | Scout Tower |
| 15:59 | Holy Light |
| 16:11 | Guard Tower |
| 16:15 | Gryphon Aviary |
| 16:49 | Guard Tower |
| 16:49 | Scout Tower |
| 16:51 | Farm |
| 16:51 | Farm |
| 16:52 | Blacksmith |
| 17:33 | Scout Tower |
| 17:34 | Scout Tower |
| 17:35 | Bash |
| 17:50 | Guard Tower |
| 17:52 | Scout Tower |
| 17:52 | Scout Tower |
| 17:53 | Scout Tower |
| 17:55 | Dragonhawk Rider |
| 17:55 | Dragonhawk Rider |
| 18:03 | Arcane Sanctum |
| 18:15 | Scout Tower |
| 18:16 | Scout Tower |
| 18:17 | Scout Tower |
| 18:17 | Scout Tower |
| 18:30 | Staff of Sanctuary |
| 18:38 | Healing Salve |
| 19:13 | Guard Tower |
| 19:14 | Guard Tower |
| 19:42 | Magic Sentry |
| 19:51 | Dragonhawk Rider |
| 19:57 | Guard Tower |
| 20:12 | Barracks |
| 20:31 | Guard Tower |
| 20:32 | Guard Tower |
| 20:35 | Scout Tower |
| 20:36 | Scout Tower |
| 20:36 | Scout Tower |
| 20:37 | Scout Tower |
| 20:47 | Scout Tower |
| 20:48 | Scout Tower |
| 20:48 | Scout Tower |
| 20:53 | Scout Tower |
| 20:53 | Scout Tower |
| 20:54 | Scout Tower |
| 20:55 | Scout Tower |
| 21:09 | Boots of Speed |
| 21:09 | Staff of Teleportation |
| 21:16 | Boots of Speed |
| 21:44 | Guard Tower |
| 21:49 | Boots of Speed |
| 21:49 | Staff of Teleportation |
| 21:52 | Guard Tower |
| 22:49 | Guard Tower |
| 22:49 | Guard Tower |
| 22:49 | Guard Tower |
| 22:50 | Scout Tower |
| 22:51 | Scout Tower |
| 23:42 | Animal War Training |
| 23:43 | Guard Tower |
| 23:43 | Guard Tower |
| 23:45 | Iron Forged Swords |
| 23:45 | Studded Leather Armor |
| 23:56 | Guard Tower |
| 25:25 | Divine Shield |
| 25:30 | Scout Tower |
| 25:31 | Scout Tower |
| 25:35 | Orb of Lightning |
| 25:42 | Blizzard |
| 26:25 | Guard Tower |
| 27:23 | Cloud |
| 27:50 | Staff of Sanctuary |
| 27:51 | Staff of Sanctuary |
| 30:21 | Scout Tower |
| 30:22 | Scout Tower |
| 30:22 | Scout Tower |
| 30:23 | Scout Tower |
| 30:23 | Scout Tower |
| 30:24 | Scout Tower |
| 30:24 | Scout Tower |
| 30:25 | Scout Tower |
| 30:27 | Scout Tower |
| 30:27 | Scout Tower |
| 30:28 | Scout Tower |
| 30:28 | Scout Tower |
| 30:28 | Scout Tower |
| 30:29 | Scout Tower |
| 30:29 | Scout Tower |
| 30:30 | Scout Tower |
| 30:56 | Guard Tower |
| 30:57 | Guard Tower |
| 31:00 | Guard Tower |
| 33:48 | Storm Bolt |
| 38:01 | Dragonhawk Rider |
| 38:02 | Dragonhawk Rider |
| 38:02 | Dragonhawk Rider |
| 38:37 | Holy Light |
| 40:27 | Dragonhawk Rider |
| 40:28 | Dragonhawk Rider |
| 41:52 | Bash |
| 42:13 | Divine Shield |
| 42:27 | Brilliance Aura |
| Right click | 4654 |
| Select | 1292 |
| Select group | 558 |
| Build/train/purchase | 347 |
| Use ability | 146 |
| Misc. action | 20 |
| Assign group | 15 |
| Minimap ping | 13 |
| Chat | 12 |
| Resource trade | 11 |
| Item give/drop | 3 |
| Remove unit | 2 |


| Orb of Venom | 1 | 325 |
| Staff of Preservation | 1 | 150 |
| Scroll of Town Portal | 1 | 350 |
| Boots of Speed | 2 | 500 |
| Staff of Teleportation | 2 | 300 |
| Circlet of Nobility | 2 | 350 |
| Staff of Sanctuary | 1 | 250 |
| total: | 10 | 2225g |
| Wisp | 27 | 1620 | / | 0 |
| total: | 27 | 1620g | / | 0w |
| Altar of Elders | 3 | 540 | / | 150 |
| Moon Well | 12 | 2160 | / | 480 |
| Ancient of War | 2 | 300 | / | 120 |
| Hunter's Hall | 1 | 210 | / | 100 |
| Ancient of Wonders | 1 | 90 | / | 30 |
| Tree of Life | 4 | 1360 | / | 740 |
| Tree of Ages | 2 | 640 | / | 360 |
| Tree of Eternity | 1 | 330 | / | 200 |
| total: | 23 | 4660g | / | 1620w |
| 0:02 | Wisp |
| 0:03 | Wisp |
| 0:03 | Wisp |
| 0:06 | Altar of Elders |
| 0:10 | Moon Well |
| 0:43 | Moon Well |
| 0:49 | Wisp |
| 0:49 | Wisp |
| 0:50 | Wisp |
| 1:06 | Wisp |
| 1:07 | Wisp |
| 1:26 | Wisp |
| 1:45 | Wisp |
| 1:45 | Wisp |
| 2:06 | Entangling Roots |
| 2:12 | Wisp |
| 2:12 | Wisp |
| 2:13 | Wisp |
| 2:52 | Ancient of War |
| 2:54 | Ancient of War |
| 3:09 | Wisp |
| 3:09 | Wisp |
| 3:26 | Wisp |
| 3:27 | Wisp |
| 3:49 | Wisp |
| 3:49 | Wisp |
| 4:23 | Wisp |
| 4:23 | Wisp |
| 4:55 | Wisp |
| 5:52 | Tree of Ages |
| 6:09 | Moon Well |
| 6:55 | Boots of Speed |
| 6:55 | Staff of Teleportation |
| 6:55 | Circlet of Nobility |
| 8:22 | Tree of Eternity |
| 9:14 | Hunter's Hall |
| 9:19 | Trueshot Aura |
| 9:22 | Ancient of Wonders |
| 10:45 | Orb of Venom |
| 10:45 | Staff of Preservation |
| 10:51 | Wisp |
| 10:52 | Wisp |
| 11:00 | Thorns Aura |
| 11:13 | Well Spring |
| 11:14 | Moon Well |
| 11:22 | Wisp |
| 11:22 | Wisp |
| 13:27 | Searing Arrows |
| 13:44 | Tree of Life |
| 14:31 | Entangling Roots |
| 16:24 | Ultravision |
| 17:44 | Trueshot Aura |
| 18:04 | Moon Well |
| 18:05 | Moon Well |
| 18:16 | Circlet of Nobility |
| 18:16 | Boots of Speed |
| 18:16 | Staff of Teleportation |
| 20:52 | Tree of Ages |
| 21:52 | Staff of Sanctuary |
| 23:20 | Moon Well |
| 23:21 | Moon Well |
| 23:22 | Moon Well |
| 23:23 | Moon Well |
| 23:24 | Moon Well |
| 23:32 | Tree of Life |
| 23:44 | Thorns Aura |
| 24:33 | Altar of Elders |
| 26:03 | Tree of Life |
| 29:29 | Searing Arrows |
| 30:12 | Tree of Life |
| 31:48 | Entangling Roots |
| 33:07 | Scroll of Town Portal |
| 40:10 | Trueshot Aura |
| 40:48 | Moon Well |
| 42:20 | Altar of Elders |
| Right click | 3619 |
| Select group | 1142 |
| Select | 346 |
| Resource trade | 167 |
| Use ability | 129 |
| Build/train/purchase | 110 |
| Misc. action | 97 |
| Minimap ping | 40 |
| Chat | 15 |
| Assign group | 6 |
| Item give/drop | 1 |
| Esc | 1 |
236 units @ 39.9k
/ 6.2k
128 buildings @ 19.4k
/ 9.6k

| Rod of Necromancy | 2 | 300 |
| Potion of Mana | 1 | 200 |
| Potion of Healing | 1 | 150 |
| Lesser Clarity Potion | 1 | 70 |
| Scroll of Town Portal | 1 | 350 |
| Healing Salve | 1 | 100 |
| total: | 7 | 1170g |
| Acolyte | 13 | 975 | / | 0 |
| Ghoul | 13 | 1560 | / | 0 |
| Gargoyle | 18 | 3150 | / | 540 |
| Frost Wyrm | 13 | 5005 | / | 1560 |
| total: | 57 | 10690g | / | 2100w |
| Nerubian Tower | 1 | 100 | / | 20 |
| Spirit Tower | 3 | 435 | / | 120 |
| Crypt | 2 | 400 | / | 100 |
| Altar of Darkness | 1 | 180 | / | 50 |
| Ziggurat | 13 | 1950 | / | 650 |
| Tomb of Relics | 2 | 260 | / | 60 |
| Graveyard | 1 | 215 | / | 0 |
| Necropolis | 1 | 225 | / | 0 |
| Sacrificial Pit | 1 | 75 | / | 150 |
| Boneyard | 3 | 525 | / | 600 |
| Halls of the Dead | 1 | 320 | / | 210 |
| Black Citadel | 1 | 325 | / | 230 |
| total: | 24 | 3830g | / | 1610w |
| 0:01 | Acolyte |
| 0:06 | Crypt |
| 0:09 | Altar of Darkness |
| 0:23 | Ziggurat |
| 0:32 | Acolyte |
| 0:50 | Tomb of Relics |
| 0:53 | Tomb of Relics |
| 1:09 | Ghoul |
| 1:15 | Ghoul |
| 1:26 | Ghoul |
| 1:31 | Ghoul |
| 1:38 | Ghoul |
| 2:12 | Rod of Necromancy |
| 2:21 | Crypt |
| 2:24 | Sleep |
| 2:27 | Cannibalize |
| 2:45 | Ziggurat |
| 3:13 | Nerubian Tower |
| 3:41 | Acolyte |
| 3:41 | Acolyte |
| 4:40 | Acolyte |
| 5:20 | Ghoul |
| 5:21 | Ghoul |
| 5:21 | Ghoul |
| 6:39 | Acolyte |
| 7:06 | Ghoul |
| 7:07 | Halls of the Dead |
| 7:26 | Ghoul |
| 7:27 | Ghoul |
| 7:35 | Ziggurat |
| 7:43 | Rod of Necromancy |
| 8:29 | Potion of Mana |
| 9:06 | Vampiric Aura |
| 9:10 | Ziggurat |
| 10:06 | Graveyard |
| 10:41 | Sleep |
| 11:38 | Gargoyle |
| 11:39 | Gargoyle |
| 11:39 | Gargoyle |
| 11:39 | Gargoyle |
| 11:50 | Potion of Healing |
| 12:02 | Ziggurat |
| 12:15 | Scroll of Town Portal |
| 12:16 | Healing Salve |
| 12:18 | Lesser Clarity Potion |
| 12:46 | Ziggurat |
| 12:49 | Gargoyle |
| 13:59 | Creature Attack |
| 16:12 | Gargoyle |
| 16:38 | Gargoyle |
| 16:56 | Gargoyle |
| 17:00 | Ghoul |
| 17:00 | Ghoul |
| 18:38 | Gargoyle |
| 19:50 | Gargoyle |
| 19:54 | Unholy Strength |
| 19:56 | Improved Creature Attack |
| 19:56 | Creature Carapace |
| 20:42 | Gargoyle |
| 20:49 | Spirit Tower |
| 20:53 | Ziggurat |
| 20:54 | Ziggurat |
| 20:58 | Gargoyle |
| 21:55 | Gargoyle |
| 22:05 | Spirit Tower |
| 22:07 | Ziggurat |
| 22:32 | Gargoyle |
| 23:32 | Vampiric Aura |
| 23:58 | Acolyte |
| 25:14 | Gargoyle |
| 25:21 | Sacrificial Pit |
| 25:49 | Acolyte |
| 26:04 | Black Citadel |
| 27:03 | Gargoyle |
| 27:20 | Necropolis |
| 27:36 | Gargoyle |
| 27:37 | Gargoyle |
| 28:03 | Ziggurat |
| 28:04 | Ziggurat |
| 28:05 | Ziggurat |
| 28:11 | Ziggurat |
| 29:01 | Acolyte |
| 29:23 | Boneyard |
| 29:25 | Boneyard |
| 29:27 | Boneyard |
| 29:56 | Spirit Tower |
| 30:28 | Acolyte |
| 30:29 | Acolyte |
| 30:40 | Acolyte |
| 31:17 | Frost Wyrm |
| 31:49 | Frost Wyrm |
| 32:16 | Frost Wyrm |
| 33:12 | Frost Wyrm |
| 33:53 | Sleep |
| 34:06 | Freezing Breath |
| 34:29 | Frost Wyrm |
| 34:39 | Frost Wyrm |
| 35:14 | Advanced Creature Attack |
| 36:10 | Frost Wyrm |
| 36:40 | Acolyte |
| 37:14 | Frost Wyrm |
| 38:19 | Frost Wyrm |
| 40:25 | Frost Wyrm |
| 41:18 | Frost Wyrm |
| 42:21 | Frost Wyrm |
| 42:25 | Inferno |
| 42:44 | Frost Wyrm |
| Right click | 3493 |
| Select group | 1950 |
| Select | 631 |
| Misc. action | 172 |
| Build/train/purchase | 97 |
| Use ability | 60 |
| Assign group | 46 |
| Minimap ping | 40 |
| Resource trade | 11 |
| Chat | 7 |
| Remove unit | 4 |
| Item give/drop | 1 |


| Healing Salve | 3 | 300 |
| Lesser Clarity Potion | 1 | 70 |
| Potion of Healing | 4 | 600 |
| Scroll of Town Portal | 1 | 350 |
| total: | 9 | 1320g |
| Peon | 15 | 1125 | / | 0 |
| Grunt | 19 | 3800 | / | 0 |
| Demolisher | 3 | 660 | / | 150 |
| Troll Batrider | 12 | 1920 | / | 480 |
| Tauren | 3 | 840 | / | 240 |
| total: | 52 | 8345g | / | 870w |
| Watch Tower | 13 | 1430 | / | 1040 |
| Altar of Storms | 1 | 180 | / | 50 |
| Orc Burrow | 5 | 800 | / | 200 |
| Barracks | 1 | 180 | / | 50 |
| Voodoo Lounge | 1 | 130 | / | 30 |
| War Mill | 1 | 205 | / | 0 |
| Great Hall | 1 | 385 | / | 185 |
| Beastiary | 2 | 290 | / | 280 |
| Tauren Totem | 1 | 135 | / | 155 |
| Stronghold | 1 | 315 | / | 190 |
| Fortress | 1 | 325 | / | 190 |
| total: | 26 | 3735g | / | 1990w |
| 0:03 | Peon |
| 0:03 | Peon |
| 0:13 | Altar of Storms |
| 0:21 | Orc Burrow |
| 0:29 | Barracks |
| 0:39 | Peon |
| 0:55 | Peon |
| 1:32 | Grunt |
| 1:33 | Grunt |
| 1:46 | Voodoo Lounge |
| 2:01 | Orc Burrow |
| 2:13 | Feral Spirit |
| 2:31 | War Mill |
| 3:34 | Grunt |
| 4:26 | Grunt |
| 4:26 | Grunt |
| 5:53 | Stronghold |
| 6:14 | Grunt |
| 6:15 | Grunt |
| 6:50 | Chain Lighting |
| 7:09 | Orc Burrow |
| 7:12 | Orc Burrow |
| 7:28 | Healing Salve |
| 7:29 | Lesser Clarity Potion |
| 7:30 | Healing Salve |
| 7:56 | Orc Burrow |
| 8:32 | Grunt |
| 8:32 | Grunt |
| 8:33 | Grunt |
| 9:12 | Demolisher |
| 9:12 | Demolisher |
| 9:28 | Beastiary |
| 9:35 | Beastiary |
| 10:00 | Demolisher |
| 10:12 | Potion of Healing |
| 10:12 | Potion of Healing |
| 11:12 | Troll Batrider |
| 11:13 | Troll Batrider |
| 11:13 | Troll Batrider |
| 11:29 | Hex |
| 11:35 | Grunt |
| 12:23 | Troll Batrider |
| 12:23 | Troll Batrider |
| 12:54 | Grunt |
| 13:50 | Fortress |
| 14:18 | Watch Tower |
| 15:38 | Grunt |
| 15:38 | Grunt |
| 16:27 | Troll Batrider |
| 16:28 | Troll Batrider |
| 16:28 | Troll Batrider |
| 17:54 | Grunt |
| 17:54 | Grunt |
| 18:14 | Watch Tower |
| 19:41 | Watch Tower |
| 19:48 | Scroll of Town Portal |
| 19:50 | Potion of Healing |
| 20:08 | Troll Batrider |
| 20:08 | Troll Batrider |
| 20:11 | Grunt |
| 20:50 | Watch Tower |
| 22:05 | Watch Tower |
| 22:24 | Peon |
| 22:24 | Peon |
| 23:12 | Watch Tower |
| 23:29 | Peon |
| 23:30 | Peon |
| 23:54 | Peon |
| 23:54 | Peon |
| 25:55 | Peon |
| 25:55 | Peon |
| 25:58 | Watch Tower |
| 27:06 | Watch Tower |
| 28:09 | Tauren Totem |
| 29:03 | Troll Batrider |
| 29:04 | Troll Batrider |
| 29:28 | Grunt |
| 29:28 | Grunt |
| 34:07 | Great Hall |
| 34:14 | Healing Wave |
| 34:15 | Feral Spirit |
| 36:57 | Watch Tower |
| 37:51 | Watch Tower |
| 37:57 | Tauren |
| 38:39 | Peon |
| 38:40 | Peon |
| 38:41 | Peon |
| 40:26 | Healing Salve |
| 40:27 | Potion of Healing |
| 42:12 | Watch Tower |
| 42:15 | Watch Tower |
| 42:21 | Watch Tower |
| 42:39 | Tauren |
| 42:39 | Tauren |
| Right click | 3259 |
| Select group | 1223 |
| Select | 553 |
| Build/train/purchase | 94 |
| Minimap ping | 67 |
| Assign group | 43 |
| Use ability | 41 |
| Resource trade | 13 |


| Healing Salve | 5 | 500 |
| Lesser Clarity Potion | 4 | 280 |
| Scroll of Speed | 1 | 50 |
| Potion of Healing | 2 | 300 |
| total: | 12 | 1130g |
| Peon | 26 | 1950 | / | 0 |
| Grunt | 5 | 1000 | / | 0 |
| Demolisher | 14 | 3080 | / | 700 |
| Raider | 20 | 3600 | / | 800 |
| Troll Batrider | 2 | 320 | / | 80 |
| total: | 67 | 9950g | / | 1580w |
| Watch Tower | 37 | 4070 | / | 2960 |
| Altar of Storms | 1 | 180 | / | 50 |
| Orc Burrow | 9 | 1440 | / | 360 |
| Barracks | 2 | 360 | / | 100 |
| Voodoo Lounge | 4 | 520 | / | 120 |
| War Mill | 1 | 205 | / | 0 |
| Great Hall | 5 | 1925 | / | 925 |
| Beastiary | 2 | 290 | / | 280 |
| Spirit Lodge | 1 | 150 | / | 150 |
| Stronghold | 1 | 315 | / | 190 |
| Fortress | 1 | 325 | / | 190 |
| total: | 62 | 9140g | / | 4945w |
| 0:01 | Peon |
| 0:01 | Peon |
| 0:06 | Altar of Storms |
| 0:17 | Orc Burrow |
| 0:23 | Peon |
| 0:39 | Barracks |
| 0:49 | Peon |
| 0:55 | Peon |
| 1:03 | Peon |
| 1:29 | Orc Burrow |
| 1:40 | Grunt |
| 1:45 | Peon |
| 2:15 | War Stomp |
| 2:22 | Grunt |
| 2:25 | Orc Burrow |
| 2:40 | Voodoo Lounge |
| 3:21 | Grunt |
| 3:33 | Grunt |
| 3:54 | Stronghold |
| 4:09 | Healing Salve |
| 4:13 | Lesser Clarity Potion |
| 4:55 | Barracks |
| 4:57 | Orc Burrow |
| 5:12 | Healing Salve |
| 6:06 | Voodoo Lounge |
| 6:23 | Grunt |
| 6:23 | Berserker Strength |
| 6:24 | War Mill |
| 6:26 | Pillage |
| 6:47 | Endurance Aura |
| 7:11 | Great Hall |
| 7:17 | Lesser Clarity Potion |
| 7:26 | Healing Salve |
| 7:32 | Scroll of Speed |
| 7:47 | Demolisher |
| 7:57 | Demolisher |
| 8:00 | Hex |
| 8:23 | Demolisher |
| 8:38 | Potion of Healing |
| 8:59 | Demolisher |
| 9:10 | Demolisher |
| 9:26 | Orc Burrow |
| 9:37 | War Stomp |
| 10:01 | Peon |
| 10:01 | Peon |
| 10:01 | Peon |
| 10:01 | Peon |
| 10:38 | Demolisher |
| 10:57 | Watch Tower |
| 10:57 | Watch Tower |
| 11:07 | Healing Wave |
| 11:13 | Watch Tower |
| 11:19 | Demolisher |
| 12:04 | Watch Tower |
| 12:09 | Watch Tower |
| 12:18 | Watch Tower |
| 12:24 | Demolisher |
| 12:28 | Voodoo Lounge |
| 13:00 | Watch Tower |
| 13:12 | Demolisher |
| 13:45 | Healing Salve |
| 13:45 | Lesser Clarity Potion |
| 13:54 | Watch Tower |
| 13:54 | Watch Tower |
| 13:54 | Watch Tower |
| 14:28 | Beastiary |
| 14:29 | Beastiary |
| 15:12 | Potion of Healing |
| 15:12 | Lesser Clarity Potion |
| 15:14 | Healing Salve |
| 15:43 | Peon |
| 15:43 | Peon |
| 15:43 | Peon |
| 15:44 | Peon |
| 15:44 | Peon |
| 15:47 | Raider |
| 15:48 | Ensnare |
| 15:50 | Peon |
| 15:50 | Peon |
| 16:31 | Peon |
| 16:31 | Peon |
| 16:31 | Peon |
| 16:42 | Raider |
| 18:14 | Raider |
| 18:14 | Raider |
| 18:14 | Raider |
| 18:29 | Watch Tower |
| 19:48 | Endurance Aura |
| 19:56 | Steel Ranged Weapons |
| 19:56 | Demolisher |
| 19:57 | Orc Burrow |
| 20:29 | Watch Tower |
| 20:31 | Peon |
| 20:31 | Peon |
| 20:32 | Watch Tower |
| 20:43 | Troll Batrider |
| 20:43 | Troll Batrider |
| 21:19 | Orc Burrow |
| 21:29 | Watch Tower |
| 21:53 | Watch Tower |
| 22:03 | Watch Tower |
| 22:08 | Healing Wave |
| 22:48 | Watch Tower |
| 23:58 | Great Hall |
| 24:39 | Watch Tower |
| 24:41 | Watch Tower |
| 24:44 | Watch Tower |
| 25:08 | Orc Burrow |
| 25:40 | Raider |
| 26:00 | Orc Burrow |
| 26:24 | Raider |
| 28:11 | War Stomp |
| 28:12 | Hex |
| 28:13 | Raider |
| 28:13 | Raider |
| 28:55 | Raider |
| 28:55 | Raider |
| 29:23 | Peon |
| 29:23 | Peon |
| 29:44 | Raider |
| 30:48 | Watch Tower |
| 30:50 | Great Hall |
| 30:52 | Watch Tower |
| 31:08 | Spirit Lodge |
| 31:40 | Watch Tower |
| 31:41 | Watch Tower |
| 31:45 | Watch Tower |
| 32:00 | Watch Tower |
| 32:54 | Watch Tower |
| 32:55 | Watch Tower |
| 32:57 | Watch Tower |
| 33:00 | Watch Tower |
| 33:53 | Raider |
| 35:29 | Fortress |
| 35:33 | Voodoo Lounge |
| 35:35 | Peon |
| 35:39 | Raider |
| 35:47 | Demolisher |
| 36:12 | Demolisher |
| 36:17 | Thorium Ranged Weapons |
| 36:25 | Reinforced Defenses |
| 36:51 | Great Hall |
| 37:09 | Watch Tower |
| 37:11 | Watch Tower |
| 37:15 | Watch Tower |
| 37:46 | Raider |
| 38:08 | Watch Tower |
| 38:22 | Raider |
| 38:23 | Demolisher |
| 38:23 | Burning Oil |
| 40:11 | Raider |
| 40:11 | Raider |
| 41:02 | Raider |
| 41:15 | Reincarnation |
| 41:24 | Watch Tower |
| 41:24 | Watch Tower |
| 41:26 | Watch Tower |
| 42:25 | Healing Wave |
| 42:43 | Raider |
| 42:48 | Great Hall |
| 42:56 | Demolisher |
| Right click | 2657 |
| Select group | 1457 |
| Select | 1286 |
| Misc. action | 501 |
| Use ability | 223 |
| Build/train/purchase | 182 |
| Assign group | 114 |
| Minimap ping | 101 |
| Chat | 47 |
| Resource trade | 23 |
| Esc | 3 |
| Item give/drop | 1 |


| Lesser Clarity Potion | 5 | 350 |
| Scroll of Speed | 1 | 50 |
| Healing Salve | 2 | 200 |
| Potion of Healing | 1 | 150 |
| Scroll of Town Portal | 1 | 350 |
| total: | 10 | 1100g |
| Peon | 11 | 825 | / | 0 |
| Grunt | 8 | 1600 | / | 0 |
| Wind Rider | 12 | 3180 | / | 480 |
| Raider | 25 | 4500 | / | 1000 |
| Demolisher | 2 | 440 | / | 100 |
| Troll Batrider | 2 | 320 | / | 80 |
| total: | 60 | 10865g | / | 1660w |
| Watch Tower | 2 | 220 | / | 160 |
| Altar of Storms | 1 | 180 | / | 50 |
| Orc Burrow | 7 | 1120 | / | 280 |
| Barracks | 1 | 180 | / | 50 |
| Voodoo Lounge | 1 | 130 | / | 30 |
| War Mill | 1 | 205 | / | 0 |
| Great Hall | 1 | 385 | / | 185 |
| Beastiary | 2 | 290 | / | 280 |
| Stronghold | 1 | 315 | / | 190 |
| Fortress | 1 | 325 | / | 190 |
| total: | 16 | 2710g | / | 1035w |
| 0:07 | Peon |
| 0:07 | Peon |
| 0:14 | Altar of Storms |
| 0:20 | Orc Burrow |
| 0:32 | Barracks |
| 0:40 | Peon |
| 1:01 | Peon |
| 1:08 | Peon |
| 1:20 | Peon |
| 1:34 | Grunt |
| 1:39 | Orc Burrow |
| 2:09 | Voodoo Lounge |
| 2:19 | Feral Spirit |
| 2:32 | Grunt |
| 2:32 | Grunt |
| 3:32 | Grunt |
| 3:33 | Stronghold |
| 3:34 | Grunt |
| 3:57 | Orc Burrow |
| 4:22 | Lesser Clarity Potion |
| 4:22 | Scroll of Speed |
| 4:30 | Grunt |
| 4:37 | War Mill |
| 5:01 | Grunt |
| 5:36 | Grunt |
| 6:01 | Beastiary |
| 6:08 | Beastiary |
| 6:17 | Peon |
| 6:40 | Peon |
| 7:03 | Chain Lighting |
| 7:10 | Healing Salve |
| 7:10 | Lesser Clarity Potion |
| 7:29 | Orc Burrow |
| 7:33 | Orc Burrow |
| 8:02 | Hex |
| 8:05 | Wind Rider |
| 8:31 | Feral Spirit |
| 8:43 | Wind Rider |
| 8:46 | Wind Rider |
| 9:18 | Wind Rider |
| 9:44 | Wind Rider |
| 10:23 | Wind Rider |
| 10:55 | Healing Wave |
| 11:13 | Wind Rider |
| 11:24 | Wind Rider |
| 11:56 | Wind Rider |
| 12:16 | Wind Rider |
| 12:53 | Wind Rider |
| 13:36 | Wind Rider |
| 14:13 | Raider |
| 14:30 | Ensnare |
| 14:31 | Raider |
| 14:44 | Lesser Clarity Potion |
| 15:12 | Raider |
| 15:27 | Raider |
| 16:07 | Raider |
| 16:22 | Raider |
| 16:28 | Lesser Clarity Potion |
| 16:48 | Steel Melee Weapons |
| 17:45 | Raider |
| 18:29 | Raider |
| 18:35 | Thorium Melee Weapons |
| 19:37 | Raider |
| 19:50 | Chain Lighting |
| 19:52 | Hex |
| 20:00 | Fortress |
| 20:42 | Raider |
| 21:02 | Raider |
| 21:22 | Raider |
| 21:44 | Orc Burrow |
| 21:48 | Orc Burrow |
| 22:02 | Watch Tower |
| 23:04 | Raider |
| 23:36 | Raider |
| 24:04 | Watch Tower |
| 24:34 | Raider |
| 25:43 | Raider |
| 26:29 | Healing Wave |
| 30:52 | Great Hall |
| 31:49 | Chain Lighting |
| 33:55 | Peon |
| 33:59 | Peon |
| 34:41 | Peon |
| 34:58 | Raider |
| 35:31 | Raider |
| 35:39 | Burning Oil |
| 36:23 | Raider |
| 36:46 | Hex |
| 36:48 | Raider |
| 36:55 | Demolisher |
| 37:50 | Raider |
| 37:56 | Demolisher |
| 40:08 | Raider |
| 40:28 | Raider |
| 40:28 | Raider |
| 41:04 | Healing Salve |
| 41:04 | Lesser Clarity Potion |
| 41:04 | Potion of Healing |
| 41:05 | Scroll of Town Portal |
| 41:32 | Raider |
| 42:25 | Troll Batrider |
| 43:02 | Troll Batrider |
| Right click | 2359 |
| Select group | 583 |
| Select | 510 |
| Misc. action | 457 |
| Build/train/purchase | 270 |
| Use ability | 171 |
| Assign group | 80 |
| Chat | 80 |
| Minimap ping | 49 |
| Resource trade | 17 |
| Remove unit | 5 |
⇛